Stars vs Flyers
Created - November 28, 2020 at 19:25
Goals
|
| Stars |
1 |
2 |
1 |
1 |
5 |
| Flyers |
0 |
1 |
3 |
0 |
4 |
|
Shots
|
| Stars |
7 |
18 |
10 |
1 |
36 |
| Flyers |
11 |
12 |
13 |
0 |
36 |
|
1st period
1. Stars , Jussi Jokinen 8 (Antoine Vermette 6) at 7:41
Penalties :
Paul Ladue (Dal) for Hooking (Minor) at 13:03, Matt Smaby (Phi) for Hooking (Minor) at 13:08
2nd period
2. Stars , John Tavares 11 (Michael Grabner 11, Ian White 4) at 0:17
3. Stars , Michael Grabner 12 (Guillaume Latendresse 12, John Tavares 23) at 3:35 (PP)
4. Flyers , Brock Nelson 1 (Matthew Lombardi 6) at 14:02
Penalties :
Jordan Nolan (Phi) for Tripping (Minor) at 3:27, Alex Chiasson (Dal) for Tripping (Minor) at 4:48, Jeff Carter (Phi) for Interference (Minor) at 5:40, Jeff Carter (Phi) for Cross-checking (Minor) at 14:54
3rd period
5. Flyers , J.T. Miller 10 (Jakub Voracek 12, Jeff Carter 15) at 2:27
6. Flyers , Jeff Carter 7 (J.T. Miller 10) at 2:41
7. Stars , Jussi Jokinen 9 (Antoine Vermette 7) at 10:42
8. Flyers , Drew Miller 7 (Marcus Kruger 11, Jeff Woywitka 7) at 16:18
Penalties :
Alex Chiasson (Dal) for Boarding (Minor) at 5:34, J.T. Miller (Phi) for High sticking (Minor) at 13:49
Overtime #1
9. Stars , John Tavares 12 (Ian White 5) at 0:08
Penalties :
No Penalty
Goalie Stats
Matt Murray (Dal), 32 saves from 36 shots - (0.889), W, 7-0-0, 60:08 minutes
Ray Emery (Phi), 31 saves from 36 shots - (0.861), OTL, 0-2-1, 60:08 minutes
Players Stats for Stars
Player Name G A P +/- PIM S H SB GA TA FO MP PP MP PK MP
------------------------------------------------------------------------------------
Alex Chiasson 0 0 0 2 4 7 0 0 1 1 0/1 15:15 2:26 0:00
Alexander Frolov 0 0 0 0 0 1 0 1 0 0 0/1 11:57 0:13 0:00
Antoine Vermette 0 2 2 2 0 1 0 0 0 0 8/14 14:44 1:55 0:00
B.J. Crombeen 0 0 0 0 0 2 0 2 1 1 1/1 10:45 0:01 0:00
Boris Valabik 0 0 0 -2 0 0 0 3 1 0 0/0 19:18 2:13 0:47
Brian Lee 0 0 0 3 0 2 3 1 0 0 0/0 29:52 2:50 2:09
Cam Atkinson 0 0 0 -1 0 1 0 0 0 0 0/0 7:39 0:00 0:00
Cory Emmerton 0 0 0 0 0 1 0 0 0 0 3/6 11:04 0:01 0:00
Evgeny Grachev 0 0 0 -1 0 0 0 0 0 0 0/1 7:39 0:00 0:00
Guillaume Latendresse 0 1 1 -1 0 3 1 1 2 1 2/4 24:40 3:07 1:48
Ian White 0 2 2 3 0 0 1 2 1 0 0/0 29:04 2:45 2:09
John Tavares 2 1 3 -1 0 7 1 2 0 0 21/38 24:07 3:02 1:48
Jussi Jokinen 2 0 2 2 0 4 1 0 1 1 0/0 16:42 1:55 1:08
Michael Grabner 1 1 2 -2 0 5 1 1 2 0 0/1 21:32 2:24 1:08
Paul Ladue 0 0 0 -1 2 1 0 0 0 1 0/0 11:31 0:05 0:00
Shane O'Brien 0 0 0 -2 0 1 2 3 0 0 0/0 19:18 2:13 0:47
Ted Purcell 0 0 0 -1 0 0 1 0 0 0 0/0 7:39 0:00 0:00
Tyson Barrie 0 0 0 -1 0 0 0 0 0 0 0/0 11:46 0:05 0:00
Players Stats for Flyers
Player Name G A P +/- PIM S H SB GA TA FO MP PP MP PK MP
------------------------------------------------------------------------------------
Brian Lashoff 0 0 0 -1 0 0 0 2 0 0 0/0 5:20 0:00 0:01
Brock Nelson 1 0 1 1 0 2 1 0 0 0 1/2 10:58 0:00 2:45
Chris Mcallister 0 0 0 0 0 1 3 0 0 1 1/4 15:07 0:00 2:09
Drew Miller 1 0 1 0 0 2 1 1 0 0 0/0 14:14 0:26 0:11
Erik Christensen 0 0 0 0 0 0 2 0 0 0 1/5 12:11 0:00 0:15
J.T. Miller 1 1 2 -1 2 6 2 0 0 0 2/3 22:27 2:30 1:44
Jakub Voracek 0 1 1 0 0 3 1 1 1 0 0/3 19:00 2:30 0:00
Jeff Carter 1 1 2 -1 4 3 0 1 0 0 13/30 21:14 2:29 1:13
Jeff Woywitka 0 1 1 2 0 1 1 4 0 0 0/0 23:18 0:15 2:05
Jonathan Ericsson 0 0 0 2 0 4 0 1 0 2 0/0 21:51 0:15 2:06
Jordan Nolan 0 0 0 -1 2 2 3 0 2 0 11/17 16:54 0:26 1:48
Marcus Kruger 0 1 1 0 0 4 0 0 1 0 1/1 14:03 0:26 0:00
Mats Zuccarello 0 0 0 1 0 2 1 0 0 1 0/0 12:05 0:00 0:01
Matt Smaby 0 0 0 -1 2 2 4 0 0 2 0/0 26:26 2:40 2:53
Matthew Lombardi 0 1 1 1 0 2 2 0 1 0 2/2 6:48 0:00 0:00
Nathan Beaulieu 0 0 0 -1 0 0 1 0 0 1 0/0 15:07 0:00 0:04
Oliver Ekman-Larsson 0 0 0 -1 0 1 0 1 0 2 0/0 28:32 2:41 2:57
Ryan Callahan 0 0 0 1 0 1 0 0 0 0 0/0 6:48 0:00 0:00
3 Stars
1 - Jussi Jokinen (Dal)
2 - John Tavares (Dal)
3 - Ian White (Dal)
Power Play
Stars - 1 on 5 Attempt(s) - 20.00%
Flyers - 0 on 3 Attempt(s) - 0.00%
Penalty Kill
Stars - 3 on 3 Attempt(s) - 100.00%
- Score 0 goal in Penalty Kill
Flyers - 4 on 5 Attempt(s) - 80.00%
- Score 0 goal in Penalty Kill
Team Stat
Stars - Hits : 11 - Faceoff Wins : 35 - Blocked Shots : 16 - Penalty Minutes : 6
Flyers - Hits : 22 - Faceoff Wins : 32 - Blocked Shots : 11 - Penalty Minutes : 10
Official
Referees : Unknown
Linesman : Unknown
Game Notes
Brian Lashoff is injured at 2:04 of 2nd period (Fractured Orbital Bone)
Finance
Level 1 -- Attendance: 4007 (66.78%) -- Ticket Income $500,875
Level 2 -- Attendance: 3386 (67.72%) -- Ticket Income $253,950
Level 3 -- Attendance: 1350 (67.50%) -- Ticket Income $67,500
Level 4 -- Attendance: 2695 (67.38%) -- Ticket Income $107,800
Luxury Box -- Attendance: 687 (68.70%) -- Ticket Income $171,750
Game was played at the Wells Fargo Center.
Total Attendance: 12125 (67.36%)
Total Ticket Income: $1,101,875
Other Income: $165,281
Total Income: $1,267,156
Stars
5 vs 5 Forward
Center Left Wing Right Wing Time % Phy DF OF
1 John Tavares Guillaume Latendresse Michael Grabner 40 1 2 2
2 Antoine Vermette Jussi Jokinen Alex Chiasson 30 1 2 2
3 Cory Emmerton Alexander Frolov B.J. Crombeen 20 1 2 2
4 Evgeny Grachev Ted Purcell Cam Atkinson 10 1 2 2
5 vs 5 Defense
Defense Defense Time % Phy DF OF
1 Ian White Brian Lee 40 1 2 2
2 Shane O'Brien Boris Valabik 30 1 2 2
3 Tyson Barrie Paul Ladue 20 1 2 2
4 Ian White Brian Lee 10 1 2 2
PowerPlay Forward
Center Left Wing Right Wing Time % Phy DF OF
1 John Tavares Guillaume Latendresse Michael Grabner 60 0 2 3
2 Antoine Vermette Jussi Jokinen Alex Chiasson 40 0 2 3
PowerPlay Defense
Defense Defense Time % Phy DF OF
1 Ian White Brian Lee 60 0 2 3
2 Shane O'Brien Boris Valabik 40 0 2 3
Penalty Kill 4 Players Forward
Center Wing Time % Phy DF OF
1 John Tavares Guillaume Latendresse 60 0 3 2
2 Jussi Jokinen Michael Grabner 40 0 3 2
Penalty Kill 4 Players Defense
Defense Defense Time % Phy DF OF
1 Ian White Brian Lee 60 0 3 2
2 Shane O'Brien Boris Valabik 40 0 3 2
Penalty Kill - 3 Players Forward
Forward Time % Phy DF OF
1 John Tavares 60 0 3 2
2 Guillaume Latendresse 40 0 3 2
Penalty Kill - 3 Players Defense
Defense Defense Time % Phy DF OF
1 Ian White Brian Lee 60 0 3 2
2 Shane O'Brien Boris Valabik 40 0 3 2
4 vs 4 Forward
Center Wing Time % Phy DF OF
1 John Tavares Guillaume Latendresse 60 0 2 3
2 Jussi Jokinen Michael Grabner 40 0 2 3
4 vs 4 Defense
Defense Defense Time % Phy DF OF
1 Ian White Brian Lee 60 0 2 3
2 Shane O'Brien Boris Valabik 40 0 2 3
Last Minutes Offensive
Center Left Wing Right Wing Defense Defense
John Tavares Guillaume Latendresse Michael Grabner Ian White Brian Lee
Last Minutes Defensive
Center Left Wing Right Wing Defense Defense
John Tavares Guillaume Latendresse Michael Grabner Ian White Brian Lee
Goaltenders
Starting : Matt Murray
Backup : Cory Schneider
Extra Forwards
Normal : Alexander Frolov, Cory Emmerton, Evgeny Grachev - PP : Alexander Frolov, Cory Emmerton - PK : Evgeny Grachev
Extra Defensemen
Normal : Tyson Barrie, Paul Ladue, Shane O'Brien - PP : Tyson Barrie - PK : Paul Ladue, Shane O'Brien
Penalty Shots
John Tavares, Guillaume Latendresse, Jussi Jokinen, Michael Grabner, Antoine Vermette
Scratches
Andrej Sustr (Healthy), Damien Brunner (Healthy)
Flyers
5 vs 5 Forward
Center Left Wing Right Wing Time % Phy DF OF
1 Jeff Carter J.T. Miller Jakub Voracek 40 1 2 2
2 Jordan Nolan Drew Miller Marcus Kruger 30 1 2 2
3 Erik Christensen Chris Mcallister Mats Zuccarello 20 1 2 2
4 Matthew Lombardi Brock Nelson Ryan Callahan 10 1 2 2
5 vs 5 Defense
Defense Defense Time % Phy DF OF
1 Oliver Ekman-Larsson Matt Smaby 40 1 2 2
2 Jonathan Ericsson Jeff Woywitka 30 1 2 2
3 Nathan Beaulieu Brian Lashoff 20 1 2 2
4 Oliver Ekman-Larsson Matt Smaby 10 1 2 2
PowerPlay Forward
Center Left Wing Right Wing Time % Phy DF OF
1 Jeff Carter J.T. Miller Jakub Voracek 60 1 2 2
2 Jordan Nolan Drew Miller Marcus Kruger 40 1 2 2
PowerPlay Defense
Defense Defense Time % Phy DF OF
1 Oliver Ekman-Larsson Matt Smaby 60 1 2 2
2 Jonathan Ericsson Jeff Woywitka 40 1 2 2
Penalty Kill 4 Players Forward
Center Wing Time % Phy DF OF
1 Jeff Carter J.T. Miller 60 1 2 2
2 Jakub Voracek Jordan Nolan 40 1 2 2
Penalty Kill 4 Players Defense
Defense Defense Time % Phy DF OF
1 Oliver Ekman-Larsson Matt Smaby 60 1 2 2
2 Jonathan Ericsson Jeff Woywitka 40 1 2 2
Penalty Kill - 3 Players Forward
Forward Time % Phy DF OF
1 Jeff Carter 60 1 2 2
2 J.T. Miller 40 1 2 2
Penalty Kill - 3 Players Defense
Defense Defense Time % Phy DF OF
1 Oliver Ekman-Larsson Matt Smaby 60 1 2 2
2 Jonathan Ericsson Jeff Woywitka 40 1 2 2
4 vs 4 Forward
Center Wing Time % Phy DF OF
1 Jeff Carter J.T. Miller 60 1 2 2
2 Jakub Voracek Jordan Nolan 40 1 2 2
4 vs 4 Defense
Defense Defense Time % Phy DF OF
1 Oliver Ekman-Larsson Matt Smaby 60 1 2 2
2 Jonathan Ericsson Jeff Woywitka 40 1 2 2
Last Minutes Offensive
Center Left Wing Right Wing Defense Defense
Jeff Carter J.T. Miller Jakub Voracek Oliver Ekman-Larsson Matt Smaby
Last Minutes Defensive
Center Left Wing Right Wing Defense Defense
Jeff Carter J.T. Miller Jakub Voracek Oliver Ekman-Larsson Matt Smaby
Goaltenders
Starting : Ray Emery
Backup : Steve Mason
Extra Forwards
Normal : Chris Mcallister, Mats Zuccarello, Brock Nelson - PP : Chris Mcallister, Mats Zuccarello - PK : Brock Nelson
Extra Defensemen
Normal : Nathan Beaulieu, Brian Lashoff, Jonathan Ericsson - PP : Nathan Beaulieu - PK : Brian Lashoff, Jonathan Ericsson
Penalty Shots
Jeff Carter, J.T. Miller, Jakub Voracek, Jordan Nolan, Drew Miller
Scratches
None
% Time on Ice - Stars
Lines # - Real PCT - Wanted PCT - Time Play
Normal Forward
1 - 37% - 40% - 18:07
2 - 26% - 30% - 12:49
3 - 21% - 20% - 10:25
4 - 16% - 10% - 7:39
Normal Defense
1 - 42% - 40% - 20:46
2 - 31% - 30% - 15:24
3 - 22% - 20% - 10:58
4 - 4% - 10% - 1:52
PP Forward
1 - 62% - 60% - 3:08
2 - 38% - 40% - 1:55
PP Defense
1 - 56% - 60% - 2:50
2 - 44% - 40% - 2:13
PK Forward
1 - 61% - 60% - 1:48
2 - 39% - 40% - 1:08
PK Defense
1 - 73% - 60% - 2:09
2 - 27% - 40% - 0:47
PK3 Forward
1 - 0% - 60%
2 - 0% - 40%
PK3 Defense
1 - 0% - 60%
2 - 0% - 40%
44 Forward
1 - 74% - 60% - 2:19
2 - 26% - 40% - 0:50
44 Defense
1 - 71% - 60% - 2:15
2 - 29% - 40% - 0:54
Last Minute Offensive - 0:00
Last Minute Defensive - 0:00
Total
Forward - 60:08
Defense - 60:08
|
% Time on Ice - Flyers
Lines # - Real PCT - Wanted PCT - Time Play
Normal Forward
1 - 35% - 40% - 17:15
2 - 28% - 30% - 13:37
3 - 23% - 20% - 11:20
4 - 14% - 10% - 6:48
Normal Defense
1 - 36% - 40% - 17:48
2 - 31% - 30% - 15:12
3 - 29% - 20% - 14:13
4 - 4% - 10% - 1:47
PP Forward
1 - 85% - 60% - 2:30
2 - 15% - 40% - 0:26
PP Defense
1 - 91% - 60% - 2:41
2 - 9% - 40% - 0:15
PK Forward
1 - 100% - 60% - 5:03
2 - 0% - 40% - 0:00
PK Defense
1 - 59% - 60% - 2:58
2 - 41% - 40% - 2:05
PK3 Forward
1 - 0% - 60%
2 - 0% - 40%
PK3 Defense
1 - 0% - 60%
2 - 0% - 40%
44 Forward
1 - 75% - 60% - 2:22
2 - 25% - 40% - 0:47
44 Defense
1 - 69% - 60% - 2:11
2 - 31% - 40% - 0:58
Last Minute Offensive - 0:00
Last Minute Defensive - 0:00
Total
Forward - 60:08
Defense - 60:08
|
Play-by-Play
1st period
0:01 of 1st period - John Tavares wins face-off versus Jeff Carter in neutral zone.
0:12 of 1st period - Snap shot by Jakub Voracek.
0:12 of 1st period - Shot Blocked by Michael Grabner.
0:55 of 1st period - Snap shot by Cam Atkinson.
0:55 of 1st period - Stopped by Ray Emery without a rebound.
0:56 of 1st period - Matthew Lombardi wins face-off versus Evgeny Grachev in Flyers zone.
1:34 of 1st period - Guillaume Latendresse is hit by Jakub Voracek and loses puck.
2:13 of 1st period - Snap shot by Chris Mcallister.
2:13 of 1st period - Deflect By Mats Zuccarello.
2:13 of 1st period - Stopped by Matt Murray with a rebound.
2:15 of 1st period - Wrist shot by Mats Zuccarello.
2:15 of 1st period - Shot Misses the Net.
2:59 of 1st period - Slapshot by John Tavares.
2:59 of 1st period - Shot Misses the Net.
3:24 of 1st period - Backhand shot by Marcus Kruger.
3:24 of 1st period - Stopped by Matt Murray with a rebound.
3:42 of 1st period - Snap shot by Alex Chiasson.
3:42 of 1st period - Stopped by Ray Emery with a rebound.
3:56 of 1st period - Snap shot by Brock Nelson.
3:56 of 1st period - Shot Misses the Net.
3:58 of 1st period - Snap shot by Matthew Lombardi.
3:58 of 1st period - Stopped by Matt Murray with a rebound.
4:28 of 1st period - Snap shot by Cam Atkinson.
4:28 of 1st period - Shot Blocked by Jeff Woywitka.
4:55 of 1st period - Brian Lee is hit by Matt Smaby and loses puck.
5:10 of 1st period - Wrist shot by Chris Mcallister.
5:10 of 1st period - Shot Misses the Net.
5:12 of 1st period - Wrist shot by Mats Zuccarello.
5:12 of 1st period - Deflect By Alex Chiasson.
5:12 of 1st period - Stopped by Matt Murray without a rebound.
5:13 of 1st period - Jeff Carter wins face-off versus Michael Grabner in Stars zone.
5:22 of 1st period - Wrist shot by J.T. Miller.
5:22 of 1st period - Shot Blocked by John Tavares.
5:24 of 1st period - Slapshot by Matt Smaby.
5:24 of 1st period - Shot Blocked by Boris Valabik.
5:26 of 1st period - Snap shot by Matt Smaby.
5:26 of 1st period - Shot Misses the Net.
5:28 of 1st period - Slapshot by Oliver Ekman-Larsson.
5:28 of 1st period - Shot Blocked by John Tavares.
5:30 of 1st period - Slapshot by Matt Smaby.
5:30 of 1st period - Stopped by Matt Murray with a rebound.
6:54 of 1st period - Backhand shot by Jakub Voracek.
6:54 of 1st period - Stopped by Matt Murray with a rebound.
7:29 of 1st period - Backhand shot by John Tavares.
7:29 of 1st period - Shot Misses the Net.
7:33 of 1st period - Snap shot by Jussi Jokinen.
7:33 of 1st period - Stopped by Ray Emery without a rebound.
7:34 of 1st period - Antoine Vermette wins face-off versus Jeff Carter in Flyers zone.
7:39 of 1st period - Snap shot by Alex Chiasson.
7:39 of 1st period - Stopped by Ray Emery without a rebound.
7:40 of 1st period - Antoine Vermette wins face-off versus Jeff Carter in Flyers zone.
7:41 of 1st period - Snap shot by Jussi Jokinen.
7:41 of 1st period - Goal by Jussi Jokinen - Stars : 1 - Flyers : 0.
7:42 of 1st period - John Tavares wins face-off versus Jeff Carter in neutral zone.
7:45 of 1st period - Oliver Ekman-Larsson is hit by Michael Grabner and loses puck.
7:53 of 1st period - Off-side.
7:54 of 1st period - Antoine Vermette wins face-off versus Jeff Carter in neutral zone.
8:45 of 1st period - B.J. Crombeen is hit by Jeff Woywitka and loses puck.
8:58 of 1st period - Slapshot by Brian Lee.
8:58 of 1st period - Shot Misses the Net.
9:00 of 1st period - Slapshot by Brian Lee.
9:00 of 1st period - Shot Misses the Net.
9:14 of 1st period - Slapshot by Brian Lee.
9:14 of 1st period - Deflect By B.J. Crombeen.
9:14 of 1st period - Stopped by Ray Emery with a rebound.
9:16 of 1st period - Snap shot by Brian Lee.
9:16 of 1st period - Shot Misses the Net.
9:18 of 1st period - Snap shot by B.J. Crombeen.
9:18 of 1st period - Stopped by Ray Emery without a rebound.
9:19 of 1st period - John Tavares wins face-off versus Jakub Voracek in Flyers zone.
9:28 of 1st period - Slapshot by J.T. Miller.
9:28 of 1st period - Stopped by Matt Murray with a rebound.
10:42 of 1st period - Snap shot by Matthew Lombardi.
10:42 of 1st period - Deflect By Brock Nelson.
10:42 of 1st period - Shot Blocked by Guillaume Latendresse.
10:42 of 1st period - Puck is out of play.
10:43 of 1st period - Jeff Carter wins face-off versus Antoine Vermette in Stars zone.
11:39 of 1st period - Snap shot by J.T. Miller.
11:39 of 1st period - Stopped by Matt Murray without a rebound.
11:40 of 1st period - Jordan Nolan wins face-off versus Antoine Vermette in Stars zone.
12:31 of 1st period - Chris Mcallister is hit by Ted Purcell and loses puck.
12:40 of 1st period - Snap shot by Chris Mcallister.
12:40 of 1st period - Shot Blocked by Boris Valabik.
12:42 of 1st period - Wrist shot by Oliver Ekman-Larsson.
12:42 of 1st period - Shot Blocked by Shane O'Brien.
12:44 of 1st period - Slapshot by Matt Smaby.
12:44 of 1st period - Stopped by Matt Murray without a rebound.
12:45 of 1st period - Jordan Nolan wins face-off versus John Tavares in Stars zone.
12:52 of 1st period - Snap shot by Drew Miller.
12:52 of 1st period - Stopped by Matt Murray without a rebound.
12:53 of 1st period - Jordan Nolan wins face-off versus John Tavares in Stars zone.
13:03 of 1st period - Minor Penalty to Paul Ladue for Hooking.
13:04 of 1st period - John Tavares wins face-off versus Jeff Carter in Stars zone.
13:08 of 1st period - Minor Penalty to Matt Smaby for Hooking.
13:09 of 1st period - Jeff Carter wins face-off versus John Tavares in Flyers zone.
13:22 of 1st period - Slapshot by Jeff Carter.
13:22 of 1st period - Shot Misses the Net.
13:28 of 1st period - Oliver Ekman-Larsson is hit by Guillaume Latendresse and loses puck.
15:03 of 1st period - Penalty to Paul Ladue is over, Paul Ladue is back on ice.
15:07 of 1st period - Guillaume Latendresse is hit by Brock Nelson and loses puck.
15:08 of 1st period - Penalty to Matt Smaby is over, Matt Smaby is back on ice.
15:14 of 1st period - Snap shot by Chris Mcallister.
15:14 of 1st period - Shot Misses the Net.
15:16 of 1st period - Snap shot by Matt Smaby.
15:16 of 1st period - Shot Misses the Net.
15:20 of 1st period - Snap shot by Matt Smaby.
15:20 of 1st period - Shot Hit the Post.
15:36 of 1st period - Snap shot by Oliver Ekman-Larsson.
15:36 of 1st period - Deflect By Chris Mcallister.
15:36 of 1st period - Shot Blocked by Alexander Frolov.
15:36 of 1st period - Puck is out of play.
15:37 of 1st period - Jordan Nolan wins face-off versus Antoine Vermette in Stars zone.
15:50 of 1st period - Wrist shot by Marcus Kruger.
15:50 of 1st period - Deflect By Drew Miller.
15:50 of 1st period - Shot Blocked by Boris Valabik.
15:50 of 1st period - Puck is out of play.
15:51 of 1st period - Antoine Vermette wins face-off versus Jakub Voracek in Stars zone.
16:22 of 1st period - Wrist shot by Alexander Frolov.
16:22 of 1st period - Shot Misses the Net.
17:09 of 1st period - Snap shot by Jussi Jokinen.
17:09 of 1st period - Deflect By Antoine Vermette.
17:09 of 1st period - Shot Blocked by Jeff Woywitka.
17:09 of 1st period - Puck is out of play.
17:10 of 1st period - Jeff Carter wins face-off versus Antoine Vermette in Flyers zone.
18:00 of 1st period - Alex Chiasson is hit by J.T. Miller and loses puck.
18:14 of 1st period - Backhand shot by Jakub Voracek.
18:14 of 1st period - Stopped by Matt Murray without a rebound.
18:15 of 1st period - Jordan Nolan wins face-off versus Guillaume Latendresse in Stars zone.
18:42 of 1st period - Cory Emmerton is hit by Chris Mcallister and loses puck.
Goals for this period are 1 for Stars vs 0 for Flyers.
Shots for this period are 7 for Stars vs 11 for Flyers.
2nd period
0:01 of 2nd period - Jeff Carter wins face-off versus John Tavares in neutral zone.
0:04 of 2nd period - Ian White is hit by Matt Smaby and loses puck.
0:15 of 2nd period - Wrist shot by Michael Grabner.
0:15 of 2nd period - Shot Misses the Net.
0:17 of 2nd period - Wrist shot by Michael Grabner.
0:17 of 2nd period - Deflect By John Tavares.
0:17 of 2nd period - Goal by John Tavares - Stars : 2 - Flyers : 0.
0:18 of 2nd period - John Tavares wins face-off versus Jeff Carter in neutral zone.
0:44 of 2nd period - Brian Lee is hit by Matt Smaby and loses puck.
0:55 of 2nd period - Slapshot by Jussi Jokinen.
0:55 of 2nd period - Stopped by Ray Emery without a rebound.
0:56 of 2nd period - John Tavares wins face-off versus Chris Mcallister in Flyers zone.
1:23 of 2nd period - Michael Grabner is hit by Jordan Nolan and loses puck.
1:38 of 2nd period - Wrist shot by Guillaume Latendresse.
1:38 of 2nd period - Shot Misses the Net.
1:40 of 2nd period - Slapshot by Shane O'Brien.
1:40 of 2nd period - Shot Misses the Net.
1:44 of 2nd period - Snap shot by John Tavares.
1:44 of 2nd period - Shot Blocked by Brian Lashoff.
1:46 of 2nd period - Wrist shot by Guillaume Latendresse.
1:46 of 2nd period - Stopped by Ray Emery with a rebound.
1:58 of 2nd period - Slapshot by Michael Grabner.
1:58 of 2nd period - Shot Blocked by Drew Miller.
2:00 of 2nd period - Wrist shot by Guillaume Latendresse.
2:00 of 2nd period - Shot Misses the Net.
2:02 of 2nd period - Slapshot by Shane O'Brien.
2:02 of 2nd period - Deflect By Michael Grabner.
2:02 of 2nd period - Stopped by Ray Emery with a rebound.
2:04 of 2nd period - Slapshot by Boris Valabik.
2:04 of 2nd period - Shot Blocked by Brian Lashoff.
2:04 of 2nd period - Brian Lashoff from Flyers is injured at 2:04 of 2nd period (Fractured Orbital Bone).
2:05 of 2nd period - Antoine Vermette wins face-off versus Jeff Carter in Flyers zone.
2:08 of 2nd period - Snap shot by Alex Chiasson.
2:08 of 2nd period - Stopped by Ray Emery with a rebound.
2:32 of 2nd period - J.T. Miller is hit by Brian Lee and loses puck.
2:47 of 2nd period - Snap shot by Jakub Voracek.
2:47 of 2nd period - Shot Hit the Post.
2:49 of 2nd period - Slapshot by Jeff Woywitka.
2:49 of 2nd period - Stopped by Matt Murray with a rebound.
2:51 of 2nd period - Wrist shot by Jeff Carter.
2:51 of 2nd period - Stopped by Matt Murray with a rebound.
2:53 of 2nd period - Slapshot by Jeff Woywitka.
2:53 of 2nd period - Deflect By J.T. Miller.
2:53 of 2nd period - Shot Blocked by Ian White.
2:53 of 2nd period - Puck is out of play.
2:54 of 2nd period - Jordan Nolan wins face-off versus John Tavares in Stars zone.
3:04 of 2nd period - Off-side.
3:05 of 2nd period - Jordan Nolan wins face-off versus John Tavares in neutral zone.
3:27 of 2nd period - Minor Penalty to Jordan Nolan for Tripping.
3:28 of 2nd period - John Tavares wins face-off versus Jeff Carter in Flyers zone.
3:33 of 2nd period - Snap shot by Guillaume Latendresse.
3:33 of 2nd period - Stopped by Ray Emery with a rebound.
3:35 of 2nd period - Wrist shot by Michael Grabner.
3:35 of 2nd period - Goal by Michael Grabner - Stars : 3 - Flyers : 0.
3:36 of 2nd period - Antoine Vermette wins face-off versus Jeff Carter in neutral zone.
3:41 of 2nd period - Slapshot by Brian Lee.
3:41 of 2nd period - Stopped by Ray Emery with a rebound.
3:43 of 2nd period - Wrist shot by Antoine Vermette.
3:43 of 2nd period - Deflect By Alex Chiasson.
3:43 of 2nd period - Shot Misses the Net.
3:43 of 2nd period - Puck is out of play.
3:44 of 2nd period - Jeff Carter wins face-off versus Alex Chiasson in Flyers zone.
4:05 of 2nd period - Wrist shot by Alex Chiasson.
4:05 of 2nd period - Stopped by Ray Emery without a rebound.
4:06 of 2nd period - John Tavares wins face-off versus Jordan Nolan in Flyers zone.
4:48 of 2nd period - Minor Penalty to Alex Chiasson for Tripping.
4:49 of 2nd period - Jeff Carter wins face-off versus John Tavares in Stars zone.
4:56 of 2nd period - Snap shot by J.T. Miller.
4:56 of 2nd period - Stopped by Matt Murray without a rebound.
4:57 of 2nd period - Jeff Carter wins face-off versus John Tavares in Stars zone.
5:04 of 2nd period - Slapshot by Jakub Voracek.
5:04 of 2nd period - Shot Blocked by Ian White.
5:16 of 2nd period - Wrist shot by J.T. Miller.
5:16 of 2nd period - Shot Blocked by Brian Lee.
5:18 of 2nd period - Wrist shot by Jeff Carter.
5:18 of 2nd period - Shot Misses the Net.
5:20 of 2nd period - Slapshot by Oliver Ekman-Larsson.
5:20 of 2nd period - Stopped by Matt Murray without a rebound.
5:21 of 2nd period - Guillaume Latendresse wins face-off versus Jordan Nolan in Stars zone.
5:31 of 2nd period - Off-side.
5:32 of 2nd period - John Tavares wins face-off versus Jakub Voracek in neutral zone.
5:40 of 2nd period - Minor Penalty to Jeff Carter for Interference.
5:41 of 2nd period - Chris Mcallister wins face-off versus John Tavares in Flyers zone.
6:27 of 2nd period - Wrist shot by Michael Grabner.
6:27 of 2nd period - Stopped by Ray Emery with a rebound.
6:29 of 2nd period - Slapshot by Jussi Jokinen.
6:29 of 2nd period - Shot Blocked by Jeff Woywitka.
6:31 of 2nd period - Snap shot by Michael Grabner.
6:31 of 2nd period - Stopped by Ray Emery without a rebound.
6:32 of 2nd period - John Tavares wins face-off versus Chris Mcallister in Flyers zone.
6:33 of 2nd period - Snap shot by Guillaume Latendresse.
6:33 of 2nd period - Deflect By John Tavares.
6:33 of 2nd period - Shot Misses the Net.
6:33 of 2nd period - Puck is out of play.
6:34 of 2nd period - Guillaume Latendresse wins face-off versus Chris Mcallister in Flyers zone.
6:39 of 2nd period - Snap shot by John Tavares.
6:39 of 2nd period - Shot Misses the Net.
6:48 of 2nd period - Penalty to Alex Chiasson is over, Alex Chiasson is back on ice.
7:40 of 2nd period - Penalty to Jeff Carter is over, Jeff Carter is back on ice.
7:46 of 2nd period - Off-side.
7:47 of 2nd period - Cory Emmerton wins face-off versus Jordan Nolan in neutral zone.
8:00 of 2nd period - Snap shot by Drew Miller.
8:00 of 2nd period - Shot Misses the Net.
8:25 of 2nd period - Cam Atkinson is hit by Nathan Beaulieu and loses puck.
9:08 of 2nd period - Snap shot by Marcus Kruger.
9:08 of 2nd period - Stopped by Matt Murray with a rebound.
9:10 of 2nd period - Wrist shot by Jordan Nolan.
9:10 of 2nd period - Shot Misses the Net.
10:13 of 2nd period - Wrist shot by Cory Emmerton.
10:13 of 2nd period - Deflect By Alexander Frolov.
10:13 of 2nd period - Shot Blocked by Jeff Woywitka.
10:13 of 2nd period - Puck is out of play.
10:14 of 2nd period - John Tavares wins face-off versus Jordan Nolan in Flyers zone.
10:25 of 2nd period - Snap shot by Michael Grabner.
10:25 of 2nd period - Deflect By Guillaume Latendresse.
10:25 of 2nd period - Stopped by Ray Emery without a rebound.
10:26 of 2nd period - J.T. Miller wins face-off versus John Tavares in Flyers zone.
10:26 of 2nd period - J.T. Miller is hit by John Tavares.
10:42 of 2nd period - Snap shot by John Tavares.
10:42 of 2nd period - Stopped by Ray Emery with a rebound.
10:54 of 2nd period - Icing by Oliver Ekman-Larsson.
10:55 of 2nd period - Antoine Vermette wins face-off versus Jordan Nolan in Flyers zone.
11:24 of 2nd period - Slapshot by Marcus Kruger.
11:24 of 2nd period - Stopped by Matt Murray without a rebound.
11:25 of 2nd period - John Tavares wins face-off versus Jeff Carter in Stars zone.
11:51 of 2nd period - B.J. Crombeen is hit by Chris Mcallister and loses puck.
12:14 of 2nd period - Wrist shot by Alex Chiasson.
12:14 of 2nd period - Stopped by Ray Emery without a rebound.
12:15 of 2nd period - Marcus Kruger wins face-off versus Antoine Vermette in Flyers zone.
12:46 of 2nd period - Off-side.
12:47 of 2nd period - John Tavares wins face-off versus Jeff Carter in neutral zone.
12:56 of 2nd period - Snap shot by John Tavares.
12:56 of 2nd period - Stopped by Ray Emery with a rebound.
13:44 of 2nd period - Icing by Matt Smaby.
13:45 of 2nd period - Matthew Lombardi wins face-off versus John Tavares in Flyers zone.
13:45 of 2nd period - Matthew Lombardi is hit by Shane O'Brien.
13:58 of 2nd period - Snap shot by Matthew Lombardi.
13:58 of 2nd period - Stopped by Matt Murray with a rebound.
14:00 of 2nd period - Wrist shot by Brock Nelson.
14:00 of 2nd period - Shot Misses the Net.
14:02 of 2nd period - Wrist shot by Brock Nelson.
14:02 of 2nd period - Goal by Brock Nelson - Stars : 3 - Flyers : 1.
14:03 of 2nd period - Jeff Carter wins face-off versus John Tavares in neutral zone.
14:41 of 2nd period - Slapshot by Jonathan Ericsson.
14:41 of 2nd period - Stopped by Matt Murray without a rebound.
14:42 of 2nd period - Jeff Carter wins face-off versus Cory Emmerton in Stars zone.
14:54 of 2nd period - Minor Penalty to Jeff Carter for Cross-checking.
14:55 of 2nd period - Brock Nelson wins face-off versus John Tavares in Flyers zone.
15:07 of 2nd period - Wrist shot by John Tavares.
15:07 of 2nd period - Stopped by Ray Emery without a rebound.
15:08 of 2nd period - John Tavares wins face-off versus Brock Nelson in Flyers zone.
15:25 of 2nd period - Wrist shot by John Tavares.
15:25 of 2nd period - Shot Misses the Net.
15:44 of 2nd period - Jordan Nolan is hit by Brian Lee and loses puck.
16:54 of 2nd period - Penalty to Jeff Carter is over, Jeff Carter is back on ice.
17:03 of 2nd period - Slapshot by Cory Emmerton.
17:03 of 2nd period - Shot Misses the Net.
17:17 of 2nd period - Snap shot by Brock Nelson.
17:17 of 2nd period - Stopped by Matt Murray with a rebound.
17:23 of 2nd period - Wrist shot by Erik Christensen.
17:23 of 2nd period - Shot Blocked by B.J. Crombeen.
17:27 of 2nd period - Snap shot by Jeff Carter.
17:27 of 2nd period - Stopped by Matt Murray with a rebound.
17:29 of 2nd period - Slapshot by Jonathan Ericsson.
17:29 of 2nd period - Stopped by Matt Murray without a rebound.
17:30 of 2nd period - Jordan Nolan wins face-off versus Antoine Vermette in Stars zone.
18:17 of 2nd period - Icing by Nathan Beaulieu.
18:18 of 2nd period - John Tavares wins face-off versus Erik Christensen in Flyers zone.
18:18 of 2nd period - Brian Lee is hit by Erik Christensen and loses puck.
18:23 of 2nd period - Snap shot by Alex Chiasson.
18:23 of 2nd period - Stopped by Ray Emery with a rebound.
18:39 of 2nd period - Ian White is hit by Drew Miller and loses puck.
19:05 of 2nd period - Jakub Voracek is hit by Ian White.
19:46 of 2nd period - Snap shot by Cam Atkinson.
19:46 of 2nd period - Shot Misses the Net.
19:48 of 2nd period - Snap shot by Boris Valabik.
19:48 of 2nd period - Shot Blocked by Oliver Ekman-Larsson.
19:50 of 2nd period - Slapshot by Shane O'Brien.
19:50 of 2nd period - Stopped by Ray Emery with a rebound.
Goals for this period are 2 for Stars vs 1 for Flyers.
Shots for this period are 18 for Stars vs 12 for Flyers.
3rd period
0:01 of 3rd period - J.T. Miller wins face-off versus John Tavares in neutral zone.
0:08 of 3rd period - Snap shot by J.T. Miller.
0:08 of 3rd period - Stopped by Matt Murray with a rebound.
0:10 of 3rd period - Wrist shot by J.T. Miller.
0:10 of 3rd period - Stopped by Matt Murray with a rebound.
0:26 of 3rd period - Oliver Ekman-Larsson is hit by Brian Lee and loses puck.
0:37 of 3rd period - Slapshot by Jordan Nolan.
0:37 of 3rd period - Stopped by Matt Murray without a rebound.
0:38 of 3rd period - Jeff Carter wins face-off versus John Tavares in Stars zone.
0:45 of 3rd period - Snap shot by John Tavares.
0:45 of 3rd period - Shot Blocked by Jonathan Ericsson.
0:49 of 3rd period - Snap shot by John Tavares.
0:49 of 3rd period - Shot Blocked by Jakub Voracek.
0:53 of 3rd period - Snap shot by John Tavares.
0:53 of 3rd period - Stopped by Ray Emery with a rebound.
0:55 of 3rd period - Snap shot by Michael Grabner.
0:55 of 3rd period - Shot Misses the Net.
1:10 of 3rd period - Wrist shot by Jeff Carter.
1:10 of 3rd period - Deflect By J.T. Miller.
1:10 of 3rd period - Shot Blocked by B.J. Crombeen.
1:10 of 3rd period - Puck is out of play.
1:11 of 3rd period - Erik Christensen wins face-off versus Cory Emmerton in Stars zone.
1:12 of 3rd period - Snap shot by Chris Mcallister.
1:12 of 3rd period - Stopped by Matt Murray without a rebound.
1:13 of 3rd period - John Tavares wins face-off versus Erik Christensen in Stars zone.
1:46 of 3rd period - Snap shot by Jussi Jokinen.
1:46 of 3rd period - Shot Misses the Net.
1:48 of 3rd period - Slapshot by Ian White.
1:48 of 3rd period - Shot Blocked by Jeff Carter.
1:50 of 3rd period - Slapshot by Brian Lee.
1:50 of 3rd period - Stopped by Ray Emery with a rebound.
1:52 of 3rd period - Wrist shot by Antoine Vermette.
1:52 of 3rd period - Stopped by Ray Emery without a rebound.
1:53 of 3rd period - Jordan Nolan wins face-off versus Cory Emmerton in Flyers zone.
2:00 of 3rd period - Alexander Frolov is hit by Jordan Nolan and loses puck.
2:25 of 3rd period - Snap shot by Jakub Voracek.
2:25 of 3rd period - Stopped by Matt Murray with a rebound.
2:27 of 3rd period - Snap shot by J.T. Miller.
2:27 of 3rd period - Goal by J.T. Miller - Stars : 3 - Flyers : 2.
2:28 of 3rd period - Jeff Carter wins face-off versus John Tavares in neutral zone.
2:41 of 3rd period - Slapshot by Jeff Carter.
2:41 of 3rd period - Goal by Jeff Carter - Stars : 3 - Flyers : 3.
2:42 of 3rd period - John Tavares wins face-off versus Jeff Carter in neutral zone.
3:09 of 3rd period - Antoine Vermette is hit by Jordan Nolan and loses puck.
3:40 of 3rd period - Slapshot by Alexander Frolov.
3:40 of 3rd period - Stopped by Ray Emery with a rebound.
4:11 of 3rd period - Cam Atkinson is hit by J.T. Miller and loses puck.
4:49 of 3rd period - Snap shot by Michael Grabner.
4:49 of 3rd period - Stopped by Ray Emery without a rebound.
4:50 of 3rd period - John Tavares wins face-off versus Jeff Carter in Flyers zone.
5:17 of 3rd period - Nathan Beaulieu is hit by Shane O'Brien and loses puck.
5:34 of 3rd period - Minor Penalty to Alex Chiasson for Boarding.
5:35 of 3rd period - Jeff Carter wins face-off versus John Tavares in Stars zone.
5:52 of 3rd period - Snap shot by Jakub Voracek.
5:52 of 3rd period - Shot Misses the Net.
7:18 of 3rd period - Wrist shot by J.T. Miller.
7:18 of 3rd period - Deflect By Michael Grabner.
7:18 of 3rd period - Shot Misses the Net.
7:18 of 3rd period - Puck is out of play.
7:19 of 3rd period - Jordan Nolan wins face-off versus Guillaume Latendresse in Stars zone.
7:34 of 3rd period - Penalty to Alex Chiasson is over, Alex Chiasson is back on ice.
7:36 of 3rd period - Slapshot by Marcus Kruger.
7:36 of 3rd period - Stopped by Matt Murray with a rebound.
8:07 of 3rd period - Ted Purcell is hit by Matthew Lombardi and loses puck.
8:12 of 3rd period - Snap shot by Brock Nelson.
8:12 of 3rd period - Shot Blocked by Shane O'Brien.
9:21 of 3rd period - Paul Ladue is hit by Chris Mcallister and loses puck.
9:44 of 3rd period - Drew Miller is hit by Jussi Jokinen and loses puck.
9:51 of 3rd period - Slapshot by Alex Chiasson.
9:51 of 3rd period - Stopped by Ray Emery without a rebound.
9:52 of 3rd period - Cory Emmerton wins face-off versus Erik Christensen in Flyers zone.
10:01 of 3rd period - Shane O'Brien is hit by Mats Zuccarello and loses puck.
10:08 of 3rd period - Wrist shot by Erik Christensen.
10:08 of 3rd period - Shot Misses the Net.
10:27 of 3rd period - Michael Grabner is hit by Matthew Lombardi.
10:38 of 3rd period - Icing by Matt Smaby.
10:39 of 3rd period - Antoine Vermette wins face-off versus Jordan Nolan in Flyers zone.
10:42 of 3rd period - Snap shot by Jussi Jokinen.
10:42 of 3rd period - Goal by Jussi Jokinen - Stars : 4 - Flyers : 3.
10:43 of 3rd period - John Tavares wins face-off versus J.T. Miller in neutral zone.
11:35 of 3rd period - Snap shot by Cory Emmerton.
11:35 of 3rd period - Stopped by Ray Emery with a rebound.
12:12 of 3rd period - Slapshot by Jeff Woywitka.
12:12 of 3rd period - Shot Blocked by Shane O'Brien.
12:14 of 3rd period - Slapshot by Jonathan Ericsson.
12:14 of 3rd period - Stopped by Matt Murray with a rebound.
12:16 of 3rd period - Wrist shot by Ryan Callahan.
12:16 of 3rd period - Stopped by Matt Murray with a rebound.
12:18 of 3rd period - Slapshot by Jonathan Ericsson.
12:18 of 3rd period - Stopped by Matt Murray with a rebound.
13:49 of 3rd period - Minor Penalty to J.T. Miller for High sticking.
13:50 of 3rd period - John Tavares wins face-off versus Jeff Carter in Flyers zone.
14:17 of 3rd period - Boris Valabik is hit by Matt Smaby and loses puck.
15:49 of 3rd period - Penalty to J.T. Miller is over, J.T. Miller is back on ice.
16:18 of 3rd period - Snap shot by Drew Miller.
16:18 of 3rd period - Goal by Drew Miller - Stars : 4 - Flyers : 4.
16:19 of 3rd period - B.J. Crombeen wins face-off versus Jeff Carter in neutral zone.
16:51 of 3rd period - Snap shot by Guillaume Latendresse.
16:51 of 3rd period - Shot Misses the Net.
16:53 of 3rd period - Slapshot by Paul Ladue.
16:53 of 3rd period - Stopped by Ray Emery with a rebound.
17:15 of 3rd period - Alex Chiasson is hit by Erik Christensen and loses puck.
17:36 of 3rd period - Snap shot by Jordan Nolan.
17:36 of 3rd period - Stopped by Matt Murray without a rebound.
17:37 of 3rd period - Jordan Nolan wins face-off versus Alexander Frolov in Stars zone.
17:41 of 3rd period - Icing by Ian White.
17:42 of 3rd period - Cory Emmerton wins face-off versus Erik Christensen in Stars zone.
18:58 of 3rd period - Snap shot by John Tavares.
18:58 of 3rd period - Stopped by Ray Emery with a rebound.
Goals for this period are 1 for Stars vs 3 for Flyers.
Shots for this period are 10 for Stars vs 13 for Flyers.
Overtime #1
0:01 of 1st overtime period - John Tavares wins face-off versus Jeff Carter in neutral zone.
0:08 of 1st overtime period - Snap shot by John Tavares.
0:08 of 1st overtime period - Goal by John Tavares - Stars : 5 - Flyers : 4.
Goals for this period are 1 for Stars vs 0 for Flyers.
Shots for this period are 1 for Stars vs 0 for Flyers.